Map: Lerilak Crest

Players

LilDicky - Winner!

  • Race: Terran Terran
  • League: Diamond

Rionash

  • Race: Zerg Zerg
  • League: Platinum

VOD

http://www.twitch.tv/tumescentpie

Description

Time

  • Played on: Nov. 25, 2015, 11:08 p.m.
  • Length: 13:23
Show
View Real Time Build Order
Export as new Build Order

LilDicky Terran - Winner!

Build Orders: Command Center First (CC), Mech 

Get SALT Encoding   

  12  0:01  SCV  
  13  0:13  SCV  
  14  0:17  Supply Depot  
  14  0:25  SCV  
  15  0:39  SCV  
  16  0:51  SCV  
  17  1:03  SCV  
  18  1:13  Command Center  
  18  1:15  SCV  
  19  1:20  Barracks  
  19  1:28  SCV  
  20  1:40  SCV  
  21  1:54  Command Center  
  21  1:56  SCV  
  22  2:05  Refinery  
  22  2:07  Refinery  
  22  2:08  Marine  
  23  2:22  Orbital Command  
  23  2:26  Marine  
  24  2:39  Bunker  
  24  2:49  Factory  
  24  2:51  SCV  
  25  3:00  Orbital Command  
  25  3:17  Orbital Command  
  24  3:20  Marine  
  25  3:27  Supply Depot  
  25  3:31  SCV  
  26  3:36  Widow Mine  
  26  3:38  SCV  
  29  3:42  SCV  
  29  3:45  Marine  
  31  3:50  Supply Depot  
  31  3:59  Starport  
  31  4:05  Factory Tech Lab, Marine  
  32  4:13  SCV  
  32  4:14  SCV x2  
  35  4:17  Liberator  
  35  4:18  Refinery  
  35  4:19  Refinery  
  35  4:25  SCV  
  35  4:26  SCV, Marine  
  35  4:27  Siege Tank  
  44  4:39  SCV x2  
  44  4:40  SCV  
  47  4:49  Reaper  
  47  4:51  SCV x2  
  50  4:58  Starport  
  50  5:00  SCV, Liberator  
  51  5:09  Siege Tank  
  51  5:13  Command Center  
  54  5:15  SCV  
  54  5:16  SCV x2  
  60  5:27  SCV, Marine  
  62  5:31  SCV  
  62  5:32  SCV  
  64  5:39  SCV  
  64  5:40  Starport Tech Lab  
  65  5:47  SCV  
  65  5:49  Siege Tank  
  68  5:55  Engineering Bay  
  68  6:00  Supply Depot  
  68  6:01  SCV, Supply Depot  
  68  6:02  Supply Depot  
  69  6:06  Banshee, Cloaking Field, Starport Reactor  
  69  6:07  SCV x2  
  74  6:13  SCV  
  74  6:16  Supply Depot  
  75  6:21  SCV  
  75  6:25  SCV  
  77  6:27  Liberator x2  
  77  6:28  Refinery  
  77  6:29  Orbital Command  
  77  6:33  SCV  
  78  6:42  Siege Tank  
  78  6:45  SCV  
  88  6:47  Orbital Command  
  88  6:58  SCV x3  
  91  7:03  Banshee  
  94  7:10  SCV, Liberator  
  94  7:11  Supply Depot  
  94  7:13  Refinery  
  94  7:14  Siege Tank  
  98  7:16  SCV x2  
  98  7:17  Refinery  
  98  7:20  SCV  
  98  7:22  SCV  
  102  7:28  SCV x2  
  104  7:46  Banshee  
  104  7:49  Factory  
  104  7:50  Armory, Factory  
  107  7:52  SCV x2, Factory  
  107  7:54  Armory  
  109  8:00  Missile Turret  
  109  8:01  Missile Turret  
  109  8:03  Siege Tank  
  109  8:04  Missile Turret, Liberator x2  
  112  8:10  SCV x2  
  112  8:11  SCV x2, Refinery  
  116  8:16  Missile Turret x2  
  116  8:17  Missile Turret  
  116  8:22  SCV  
  116  8:23  SCV, Missile Turret  
  124  8:28  Banshee  
  124  8:30  SCV, Fusion Core  
  124  8:32  SCV  
  129  8:34  SCV  
  129  8:35  SCV  
  129  8:40  Missile Turret  
  129  8:41  Missile Turret  
  131  8:42  SCV  
  131  8:48  Supply Depot, Terran Vehicle And Ship Armor Level 1, Terran Vehicle Weapons Level 1  
  132  8:52  SCV x2  
  132  8:53  Factory Reactor  
  132  8:54  Factory Reactor x2  
  132  8:55  Armory  
  134  9:05  SCV  
  135  9:13  Liberator  
  135  9:15  Liberator  
  132  9:29  Banshee  
  141  9:41  Hellion x3  
  141  9:43  Infernal Pre-Igniter  
  147  9:47  Advanced Ballistics  
  147  9:49  Command Center  
  147  9:52  Supply Depot  
  147  9:53  Supply Depot  
  147  9:54  Supply Depot  
  147  9:55  Hellion  
  147  9:56  Hellion x3  
  147  9:57  Terran Ship Weapons Level 1  
  155  10:00  Liberator x2  
  155  10:01  Supply Depot  
  155  10:06  Supply Depot  
  155  10:07  Supply Depot  
  155  10:08  Hellion x3  
  155  10:09  Supply Depot  
  161  10:17  Hellion  
  161  10:18  Banshee  
  161  10:20  SCV  
  173  10:23  Behemoth Reactor  
  173  10:25  Refinery  
  173  10:26  Starport  
  173  10:27  Refinery  
  173  10:44  Hellion x4  
  173  10:45  Hellion x3  
  187  10:53  SCV  
  188  11:00  Terran Vehicle Weapons Level 2, Viking x3  
  188  11:01  Terran Vehicle And Ship Armor Level 2  
  194  11:05  Hellion  
  194  11:06  Supply Depot, Hellion x2, Starport Tech Lab  
  200  11:15  Starport  
  200  11:23  Starport  
  200  11:24  Starport  
  200  11:30  Orbital Command  
  200  11:34  Command Center  
  167  11:46  Command Center  
  146  11:49  Hellion x4  
  146  11:50  Hellion  
  146  11:53  Banshee x2  
  156  12:39  Banshee, Starport Tech Lab  
  156  12:40  Starport Tech Lab  
  157  12:55  Hellion x2  
  157  12:56  Hellion x5  
  157  12:57  Starport Tech Lab  
Show
View Real Time Build Order
Export as new Build Order

Rionash Zerg 

Build Orders: Hatch First 

Get SALT Encoding   

  12  0:01  Drone  
  13  0:12  Overlord  
  13  0:18  Drone  
  14  0:30  Drone x2  
  16  0:46  Drone  
  17  0:57  Hatchery, Drone  
  17  1:05  Drone  
  18  1:11  Drone  
  19  1:23  Spawning Pool  
  19  1:24  Drone  
  19  1:30  Drone  
  20  1:49  Drone  
  20  1:53  Hatchery  
  20  1:56  Drone  
  21  2:07  Overlord  
  21  2:12  Zergling x2  
  21  2:13  Zergling x2  
  21  2:14  Queen  
  25  2:25  Queen  
  27  2:41  Drone x2  
  27  2:42  Drone x2, Overlord  
  31  2:49  Drone  
  32  2:55  Extractor  
  32  2:56  Roach Warren, Drone, Extractor  
  30  3:00  Drone  
  31  3:20  Drone x5, Overlord  
  31  3:25  Drone x2  
  31  3:26  Drone x2  
  39  3:40  Drone x3  
  39  3:41  Drone, Overlord  
  43  3:45  Extractor  
  43  3:46  Drone  
  43  3:49  Drone  
  43  3:51  Drone  
  43  3:52  Drone  
  43  3:55  Roach  
  48  3:56  Roach  
  48  4:02  Lair  
  50  4:06  Roach  
  52  4:11  Roach  
  52  4:12  Drone x2  
  52  4:13  Drone x2  
  58  4:18  Drone x2  
  60  4:30  Queen  
  62  4:32  Queen  
  62  4:37  Drone  
  62  4:38  Overlord x2  
  65  4:41  Extractor  
  65  4:44  Evolution Chamber  
  65  4:45  Roach  
  65  4:47  Evolution Chamber  
  65  4:48  Drone, Overlord  
  65  4:52  Overlord  
  64  5:10  Drone x2  
  64  5:11  Drone x10  
  76  5:19  Queen  
  76  5:20  Glial Reconstitution  
  78  5:25  Hatchery  
  78  5:28  Zerg Missile Weapons Level 1, Zerg Ground Armor Level 1  
  77  5:34  Drone x4  
  77  5:35  Drone  
  82  5:40  Extractor  
  82  5:41  Extractor  
  80  6:12  Roach x8  
  80  6:13  Overlord x2, Roach  
  80  6:14  Overlord x4  
  98  6:22  Overlord  
  98  6:23  Overlord  
  98  6:34  Hydralisk Den  
  98  6:35  Roach x2  
  98  6:36  Roach x6  
  98  6:37  Infestation Pit  
  112  6:49  Drone x2  
  112  6:50  Drone  
  112  6:51  Roach x3  
  112  6:53  Ravager x3  
  112  6:54  Ravager x2  
  126  6:55  Ravager x2  
  126  6:56  Ravager x2  
  126  6:57  Hatchery  
  126  6:58  Ravager  
  126  7:01  Roach x2  
  134  7:12  Roach x4  
  134  7:13  Roach  
  141  7:38  Hydralisk x6  
  141  7:41  Muscular Augments  
  153  7:47  Overseer  
  153  7:48  Overseer  
  153  7:51  Overlord  
  153  7:55  Hive  
  153  8:05  Overlord x2  
  153  8:17  Hydralisk x3  
  159  8:21  Zerg Missile Weapons Level 2  
  159  8:22  Extractor  
  159  8:23  Zerg Ground Armor Level 2, Extractor  
  157  8:28  Evolution Chamber  
  156  8:35  Drone x3  
  156  8:36  Drone x2  
  156  8:37  Drone, Overlord  
  162  8:50  Hydralisk x2  
  162  8:53  Lurker Den  
  162  8:55  Roach  
  168  8:56  Roach x9  
  168  8:57  Overlord  
  168  8:59  Drone x2  
  168  9:01  Zerg Melee Weapons Level 1  
  188  9:43  Ultralisk Cavern  
  187  9:54  Hydralisk x2  
  187  9:55  Hydralisk  
  187  9:56  Viper x2  
  199  10:01  Drone  
  200  10:37  Pneumatized Carapace  
  200  10:49  Chitinous Plating  
  200  10:56  Zerg Melee Weapons Level 2  
  200  11:29  Metabolic Boost  
  130  11:49  Ultralisk, Hydralisk  
  130  11:50  Ultralisk, Hydralisk x23  
  178  11:54  Overseer  
  178  11:57  Hydralisk x2  
  182  12:09  Hydralisk x2  
  182  12:10  Hydralisk x2  
  152  12:36  Hydralisk x4  
  152  12:37  Hydralisk x8  
  116  12:38  Zergling x28  
  116  12:39  Zergling x14  
Tags
 
Add a new tag
Caveats
  • Supply blocks, unpowered buildings, or Contaminate may cause inaccurate times.
  • Supply counts are checked every 10 seconds.